 Dungeon Crawl Stone Soup version 0.30-a0-269-gf0224bf7b6 (webtiles) character file.

Game seed: 6100191873675378388

357 ryw the Trooper (level 6, -3/53 HPs)
             Began as a Demonspawn Monk on Oct 14, 2022.
             Killed by divine providence
             ... invoked by an orc priest
              (11 damage)
             ... on level 4 of the Dungeon.
             The game lasted 00:07:52 (3455 turns).

ryw the Trooper (Demonspawn Monk)                   Turns: 3455, Time: 00:07:53

Health: -3/53      AC:  9    Str: 11    XL:     6   Next: 37%
Magic:  6/6        EV:  9    Int: 10    God:
Gold:   111        SH:  0    Dex: 17    Spells: 5/5 levels left

rFire   + . .      SeeInvis +    v - +2 dagger (speed)
rCold   + + .      Faith    .    (no shield)
rNeg    . . .      Spirit   .    w - +0 scale mail of the Dwarven Hall {rPois rC++ Str-4 SInv}
rPois   +          Reflect  .    j - +0 helmet
rElec   .          Harm     .    r - scarf {repulsion}
rCorr   .          Rampage  .    (no gloves)
Will    .....                    (no boots)
Stlth   +.........               (no amulet)
HPRegen 0.28/turn                (no ring)
MPRegen 0.10/turn                (no ring)

@: on berserk cooldown, attractive, slowed, repel missiles, very slow
A: icy blue scales 1, powered by death 1, powered by pain 1, talons 1, fire
resistance 1, strong 1
a: no special abilities


You were on level 4 of the Dungeon.
You visited 1 branch of the dungeon, and saw 4 of its levels.

You collected 363 gold pieces.
You spent 252 gold pieces at shops.

Inventory:

Hand Weapons
 d - a +0 falchion
 v - a +2 dagger of speed (weapon)
Missiles
 b - 2 poisoned darts (quivered)
 n - 4 atropa-tipped darts
Armour
 g - a +4 chain mail of cold resistance
 j - a +0 helmet (worn)
 r - a scarf of repulsion (worn)
 w - the +0 scale mail of the Dwarven Hall (worn) {rPois rC++ Str-4 SInv}
   (You bought it in a shop on level 3 of the Dungeon)

   Str:       It affects your strength (-4).
   rC:        It greatly protects you from cold.
   rPois:     It protects you from poison.
   SInv:      It lets you see invisible.
Jewellery
 x - a ring of flight
Wands
 q - a wand of quicksilver (12)
Scrolls
 a - a scroll of fear {unknown}
 c - 2 scrolls of magic mapping {unknown}
 e - 3 scrolls of identify {unknown}
 h - a scroll of enchant weapon {unknown}
 i - 2 scrolls of teleportation {unknown}
 k - 2 scrolls of vulnerability {unknown}
 l - a scroll of amnesia {unknown}
Potions
 f - a potion of magic
 m - 2 potions of mutation
 o - a potion of lignification
 p - 2 potions of curing
 u - a potion of brilliance {unknown}


   Skills:
 + Level 6.6 Fighting
 - Level 0.1(1.0) Short Blades
 - Level 1.5 Long Blades
 + Level 1.5 Armour
 - Level 2.6 Dodging
 - Level 1.7 Stealth
 - Level 2.6 Unarmed Combat


You had 5 spell levels left.
You didn't know any spells.
Your spell library contained the following spells:

 Spells                   Type           Power      Damage    Failure   Level
 Tukima's Dance           Hex            0%         N/A       100%        3
 Passage of Golubria      Tloc           0%         N/A       100%        4
 Yara's Violent Unravell  Hex/Tmut       0%         3d3       100%        5


Dungeon Overview and Level Annotations

Branches:
Dungeon (4/15)
 Temple: D:4-7

Altars:

Shops:
D:1 !   D:3 [   D:4 *


Innate Abilities, Weirdness & Mutations

You are partially covered in icy blue scales. (AC +2)
You regenerate a little health from kills.
You sometimes gain a little power by taking damage.
You have sharp toenails.
Your flesh is heat resistant. (rF+)
Your muscles are strong. (Str +4, Int/Dex -1)


Message History

Unknown command.
You bump into the rock wall.
The orc wizard hits you but does no damage.
The orc priest calls down the wrath of Beogh upon you.
The orc wizard writhes in agony!
The orc wizard dies!
You puncture the orc wizard!
The orc wizard is severely wounded.
You bump into the rock wall.
The orc priest calls down the wrath of Beogh upon you.
Beogh smites you! The orc wizard closely misses you.
The adder bites you but does no damage.
Unknown command.
You bump into the rock wall.
You feel a strong urge to attack something.
Unknown command.
You bump into the rock wall.
The adder bites you but does no damage.
The orc wizard hits you with a +0 dagger.
Unknown command.
You feel your anger nearly subside.
You are no longer berserk.
You are exhausted.
You feel yourself slow down.
Unknown command.
You bump into the rock wall.
You feel less confused. The adder bites you but does no damage.
The orc priest mumbles some strange prayers to Beogh against you.
Beogh smites you!
* * * LOW HITPOINT WARNING * * *
The adder closely misses you.
You barely miss the adder. The adder bites you but does no damage.
The orc priest casts a cantrip, but nothing happens.
The adder barely misses you.
Unknown command.
It was a potion of attraction.
You feel attractive to monsters. The adder closely misses you.
The orc priest invokes the aid of Beogh against you.
Beogh smites you!
You die...

### ## #.## .#######
####..## ..#..#.##
#......# ........#
##..#@###
>....#..####...#S##
##.###...#.....#oo#
#..#...........)......#
.........................
....................#....
...##................ ...
...##............##... ..
...###..........###.... .


You could see an orc priest, an orc wizard (invisible) and an adder.

Vanquished Creatures
  A black bear (D:4)
  A necrophage (D:3)
  Terence (D:2)
  3 gnolls
  6 adders
  3 worms
  2 dart slugs (D:3)
  3 orcs
  7 endoplasms
  2 giant cockroaches (D:2)
  6 goblins
  9 hobgoblins
  2 jackals (D:2)
  6 kobolds
  3 quokkas
  7 ball pythons
  2 bats
  2 frilled lizards (D:1)
  7 rats
73 creatures vanquished.

Vanquished Creatures (others)
  An orc wizard (D:4)
1 creature vanquished.

Grand Total: 74 creatures vanquished

Notes
Turn   | Place    | Note
-------+----------+-------------------------------------------
     0 | D:1      | ryw the Demonspawn Monk began the quest for the Orb.
     0 | D:1      | Reached XP level 1. HP: 18/18 MP: 1/1
   172 | D:1      | Found Leaq's Distillery.
   195 | D:1      | Gained mutation: You regenerate a little health from kills.
                  | [demonic ancestry]
   195 | D:1      | Reached XP level 2. HP: 7/24 MP: 2/2
   645 | D:1      | Reached skill level 4 in Fighting
   819 | D:2      | Gained mutation: You are partially covered in icy blue
                  | scales. (AC +2) [demonic ancestry]
   819 | D:2      | Reached XP level 3. HP: 11/31 MP: 3/3
  1085 | D:2      | Noticed Terence
  1105 | D:2      | Killed Terence
  1106 | D:2      | Reached skill level 5 in Fighting
  1106 | D:2      | Gained mutation: You sometimes gain a little power by
                  | taking damage. [demonic ancestry]
  1106 | D:2      | Reached XP level 4. HP: 39/39 MP: 4/4
  1913 | D:2      | Reached skill level 1 in Long Blades
  2638 | D:3      | Reached XP level 5. HP: 39/44 MP: 5/5
  2695 | D:3      | Found Vediut's Antique Armour Boutique.
  2970 | D:3      | Reached skill level 6 in Fighting
  3029 | D:4      | Found Waekhyusm's Assorted Antiques.
  3153 | D:3      | Bought a bronze scale mail for 252 gold pieces
  3153 | D:3      | Identified the +0 scale mail of the Dwarven Hall {rPois
                  | rC++ Str-4 SInv} (You bought it in a shop on level 3 of the
                  | Dungeon)
  3420 | D:4      | Noticed a black bear
  3437 | D:4      | Gained mutation: Your muscles are strong. (Str +4, Int/Dex
                  | -1) [potion of mutation]
  3437 | D:4      | Gained mutation: You have sharp toenails. [potion of
                  | mutation]
  3437 | D:4      | Gained mutation: Your flesh is heat resistant. (rF+)
                  | [potion of mutation]
  3443 | D:4      | Killed a black bear
  3444 | D:4      | Reached skill level 1 in Armour
  3444 | D:4      | Reached XP level 6. HP: 46/53 MP: 6/6
  3455 | D:4      | Killed from afar by an orc priest

Illustrated notes

Levels and vault maps discovered:
D:1:      matt_arrival_refuge, layout_loops_cross, serial_shops,
          nicolae_shop_stone, minmay_shallow_snake_nest
D:2:      layout_basic, uniq_terence
D:3:      layout_basic, serial_forest, infiniplex_forest_lined_3_way,
          infiniplex_forest_end_3, infiniplex_forest_clump_small,
          infiniplex_forest_straight_4, infiniplex_forest_lined_2, serial_shops,
          nicolae_diamond_shop
D:4:      layout_cave_pools, serial_shops, shop_coins

Skill      XL: |  1  2  3  4  5 |
---------------+----------------+-----
Fighting       | 4 5 6 |  6.6
Long Blades    | 1 |  1.5
Armour         | 1 |  1.5
Short Blades   | |  0.1
Dodging        | |  2.6
Stealth        | |  1.7
Unarmed Combat | |  2.6

Action                   |  1- 3 |  4- 6 || total
-------------------------+-------+-------++-------
Melee: Unarmed           |   148 |     3 ||   151
       Punch             |     1 |     7 ||     8
       Falchion          |       |    96 ||    96
       Dagger            |       |   112 ||   112
       Kick              |       |     2 ||     2
  Use: Potion            |     4 |     4 ||     8
 Stab: Sleeping          |     9 |       ||     9
Armor: Robe              |    36 |       ||    36
       Skin              |     6 |       ||     6
       Chain mail        |       |   138 ||   138
       Scale mail        |       |    26 ||    26
Dodge: Dodged            |    97 |    55 ||   152

Table legend: (Time is in decaauts)
 A = Elapsed time spent in this place.
 B = Non-inter-level travel time spent in this place.
 C = Inter-level travel time spent in this place.
 D = Time resting spent in this place.
 E = Time spent auto-exploring this place.
 F = Levels seen in this place.
 G = Mean time per level.
                   A        B        C        D        E       F      G
               +--------+--------+--------+--------+--------+-----+--------+
         Total |   3435 |   3315 |    120 |    110 |   2325 |   4 |  858.8 |
       Dungeon |   3435 |   3315 |    120 |    110 |   2325 |   4 |  858.8 |
               +--------+--------+--------+--------+--------+-----+--------+

Top non-repeatable levels by time:
     D:3: 1305 daAuts
     D:2: 968 daAuts
     D:1: 786 daAuts
     D:4: 375 daAuts
